 Dungeon Crawl Stone Soup version 0.31.0-11-ge490571c62 (webtiles) character file.

Game seed: 9170147746098626380

284 Dirian the Ruffian (level 6, -5/38 HPs)
             Began as an Octopode Shapeshifter on Feb 3, 2024.
             Slain by Grinder (6 damage)
             ... while paralysed by Grinder
             ... on level 3 of the Dungeon.
             The game lasted 00:04:14 (2294 turns).

Dirian the Ruffian (Octopode Shapeshifter)          Turns: 2294, Time: 00:04:14

Health: -5/38      AC:  1    Str: 16    XL:     6   Next: 29%
Magic:  6/6        EV:  2    Int: 12    God:
Gold:   102        SH:  0    Dex: 11    Spells: 5/5 levels left

rFire   . .          .
                       - Unarmed
rCold   . . .        (no shield)
rNeg    . . .        (helmet currently unavailable)
rPois   .            (no amulet)
rElec   .            (no ring)
rCorr   .            (no ring)
SInv    .            (no ring)
Will    .....        (no ring)
Stlth   +++          (no ring)
HPRegen 0.26/turn    (no ring)
MPRegen 0.10/turn    (no ring)
                     (no ring)

%: no passive effects
@: paralysed, beast-form
A: beast (slay +2), almost no armour, amphibious, 8 rings, camouflage 1,
gelatinous body 1, (nimble swimmer 1), tentacles
a: Begin Untransformation


You were on level 3 of the Dungeon.
You were a hulking beast.
You visited 1 branch of the dungeon, and saw 3 of its levels.

You collected 102 gold pieces.

Inventory:

Talismans
 b - a beast talisman (active)
 c - a flux talisman
Wands
 f - a wand of polymorph (7)
Scrolls
 h - a scroll of amnesia
Potions
 d - a potion of curing {unknown}


   Skills:
 + Level 1.1 Fighting
 + Level 2.6 Dodging
 + Level 3.7 Stealth
 + Level 4.7 Unarmed Combat
 * Level 4.4 Shapeshifting


You had 5 spell levels left.
You didn't know any spells.
Your spell library contained the following spells:

 Spells                   Type           Power      Damage    Failure   Level
 Sting                    Conj/Alch      0%         1d3       32%         1
 Call Imp                 Summ           0%         N/A       45%         2
 Mercury Vapours          Alch/Air       0%         N/A       45%         2
 Sublimation of Blood     Necr           0%         N/A       45%         2
 Olgreb's Toxic Radiance  Alch           0%         N/A       97%         4
 Summon Hydra             Summ           0%         N/A       100%        7


Dungeon Overview and Level Annotations

Branches:
Dungeon (3/15) Zot: 15715

Altars:

Shops:
D:2 (

Annotations:
D:3 Grinder


Innate Abilities, Weirdness & Mutations

You are a hulking beast.
Your limbs bulge with bestial killing power. (Slay +2)
You cannot wear most types of armour.
You are amphibious.
You can wear up to eight rings at the same time.
Your skin changes colour to match your surroundings (Stealth+).
Your rubbery body absorbs attacks. (AC +1, EV +1)
((You are camouflaged when in or above water. (Stealth+)))
You have tentacles for arms and can constrict up to eight enemies at once.


Message History

Grinder blinks!
You smack Grinder!
Grinder is lightly wounded.
Grinder hits you but does no damage.
You smack Grinder!
Grinder is moderately wounded.
Grinder sighs, "No one appreciates my work."
Grinder hits you.
You writhe in agony.
You closely miss Grinder.
Grinder is moderately wounded.
Grinder says, "Don't move a muscle."
Grinder hits you but does no damage.
You closely miss Grinder.
Grinder is moderately wounded.
You feel less wooden.
You turn into a hulking beast.
Grinder hits you.
You writhe in agony.
You completely miss Grinder. You grab Grinder.
Grinder is moderately wounded.
You constrict Grinder. Grinder barely misses you.
You tentacle-slap Grinder. Your squeeze misses Grinder.
Grinder is moderately wounded.
You constrict Grinder, but do no damage.
Grinder hits you.
You writhe in agony.
* * * LOW HITPOINT WARNING * * *
You tentacle-slap Grinder.
Grinder is moderately wounded.
You constrict Grinder. Grinder hits you.
* * * LOW HITPOINT WARNING * * *
You barely miss Grinder.
Grinder is heavily wounded.
You constrict Grinder. Grinder gestures at you.
You suddenly lose the ability to move!
You lose your grip on Grinder.
Grinder says, "Mostly I couldn't keep them alive."
Grinder hits you!
* * * LOW HITPOINT WARNING * * *
You writhe in agony.
You die...
Grinder says, "Now the real fun starts!"

.# ##.## ...## .... ...
#.# #.####.####.#
#...h5......#
######.###### #.# #.# #.#
############ #.#
#........#.## #.#
#.######....######.#######
#.# #.................#


You could see Grinder.

Vanquished Creatures
  Sigmund (D:2)
  Robin (D:2)
  2 gnolls (D:2)
  4 adders
  3 dart slugs
  3 endoplasms
  2 giant cockroaches
  7 hobgoblins
  2 jackals (D:1)
  5 quokkas
  5 ball pythons
  3 bats
  6 frilled lizards
  10 goblins
  2 kobolds
56 creatures vanquished.

Notes
Turn   | Place    | Note
-------+----------+-------------------------------------------
     0 | D:1      | Dirian the Octopode Shapeshifter began the quest for the
                  | Orb.
     0 | D:1      | Reached XP level 1. HP: 13/13 MP: 1/1
   127 | D:1      | Reached XP level 2. HP: 18/18 MP: 2/2
   203 | D:1      | Reached skill level 1 in Stealth
   593 | D:2      | Found Qaefeate's Antique Weapon Shoppe.
   707 | D:2      | Reached XP level 3. HP: 21/23 MP: 3/3
   785 | D:2      | Noticed Sigmund
   839 | D:2      | Killed Sigmund
   840 | D:2      | Reached XP level 4. HP: 28/28 MP: 4/4
   840 | D:2      | Reached XP level 5. HP: 33/33 MP: 5/5
  1208 | D:2      | Reached XP level 6. HP: 38/38 MP: 6/6
  1625 | D:2      | Noticed Robin
  1636 | D:2      | Killed Robin
  2267 | D:3      | Noticed Grinder
  2293 | D:3      | Paralysed by Grinder for 4 turns
  2294 | D:3      | HP: 1/38 [Grinder (9)]
  2294 | D:3      | Slain by Grinder

Illustrated notes

Levels and vault maps discovered:
D:1:      tarquinn_simple_flora_water_d, layout_basic
D:2:      layout_basic, serial_shops, shop, uniq_sigmund, uniq_robin
D:3:      layout_loops_corners, nicolae_ecumenical_oubliette, uniq_grinder

Skill      XL: |  1  2  3 |
---------------+----------+-----
Stealth        | 1 3 |  3.7
Unarmed Combat | 4 |  4.7
Shapeshifting  | 4 |  4.4
Fighting       | |  1.1
Dodging        | |  2.6

Action                     |  1- 3 |  4- 6 || total
---------------------------+-------+-------++-------
  Melee: Unarmed           |    65 |    61 ||   126
         Constrict         |    13 |    12 ||    25
         Tentacles         |     6 |    13 ||    19
         Punch             |     1 |     2 ||     3
  Evoke: Wand              |       |     2 ||     2
    Use: Potion            |     1 |     1 ||     2
         Scroll            |       |     3 ||     3
   Stab: Sleeping          |     7 |     3 ||    10
 Armour: Skin              |    30 |    32 ||    62
  Dodge: Dodged            |    31 |    23 ||    54
   Form: Beast             |     1 |       ||     1
